 Dungeon Crawl Stone Soup version 0.24-a0-434-gd57e52fea8 (webtiles) character file.

Game seed: 13043296247704695179

91 Jyms the Conjurer (level 4, -1/24 HPs)
             Began as a Kobold Conjurer on June 16, 2019.
             Killed from afar by Sigmund (9 damage)
             ... with a puff of flame
             ... on level 3 of the Dungeon.
             The game lasted 00:38:20 (2834 turns).

Jyms the Conjurer (Kobold Conjurer)                 Turns: 2834, Time: 00:38:21

Health: -1/24      AC:  3    Str:  6    XL:     4   Next: 87%
Magic:  7/8        EV: 15    Int: 16    God:
Gold:   113        SH:  0    Dex: 15    Spells: 5/9 levels left

rFire    . . .     SeeInvis .   a - +2 short sword (holy)
rCold    . . .     Gourm    .   (shield restricted)
rNeg     . . .     Faith    .   i - +0 leather armour
rPois    .         Spirit   .   (no helmet)
rElec    .         Reflect  +   (no cloak)
rCorr    .         Harm     .   (no gloves)
MR       .....                  (no boots)
Stlth    +.........             q - +5 amulet of reflection
HPRegen  0.08/turn              (no ring)
MPRegen  0.11/turn              (no ring)

@: confused
A: small, carnivore
a: no special abilities


You were on level 3 of the Dungeon.
You were not hungry.

You visited 1 branch of the dungeon, and saw 4 of its levels.

You collected 113 gold pieces.

Inventory:

Hand Weapons
 a - a +2 short sword of holy wrath (weapon)
Missiles
 c - 10 poisoned darts (quivered)
 d - a throwing net
Armour
 i - a +0 leather armour (worn)
Jewellery
 e - an uncursed ring of flight {unknown}
 o - an uncursed ring of see invisible {unknown}
 q - a +5 amulet of reflection (around neck)
 t - an uncursed ring of see invisible {unknown}
Scrolls
 b - 2 scrolls of remove curse {unknown}
 f - a scroll of teleportation {unknown}
 g - 3 scrolls of identify {unknown}
 j - 3 scrolls of enchant armour {unknown}
 r - 3 scrolls of enchant weapon {unknown}
Potions
 h - a potion of lignification {unknown}
 k - a potion of heal wounds {unknown}
 l - a potion of haste {unknown}
 m - a potion of curing {unknown}
 p - a potion of invisibility {unknown}
 s - a potion of resistance {unknown}
Comestibles
 n - 2 rations


   Skills:
 + Level 1.1 Short Blades
 + Level 3.3 Dodging
 + Level 4.0 Stealth
 + Level 3.0 Spellcasting
 + Level 4.4 Conjurations


You had 5 spell levels left.
You knew the following spells:

 Your Spells              Type           Power        Failure   Level  Hunger
a - Magic Dart            Conj           ###.         4%          1    #......
b - Dazzling Spray        Conj/Hex       #.....       34%         3    ###....

Your spell library contained the following spells:

 Spells                   Type           Power        Failure   Level  Hunger
 Searing Ray              Conj           ###...       7%          2    ##.....
 Iskenderun's Mystic Bla  Conj           ###.....     43%         4    #####..
 Force Lance              Conj/Tloc      #.......     75%         4    #####..
 Fulminant Prism          Conj/Hex       #.........   75%         4    #####..


Dungeon Overview and Level Annotations

Branches:
Dungeon (4/15)
 Temple: D:4-7

Altars:
Ashenzari
Okawaru

Annotations:
D:3 1 exclusion, Sigmund


Innate Abilities, Weirdness & Mutations

You are small and have problems with some larger weapons.
You are carnivorous and can eat meat at any time.


Message History

There is an open door here.
Sigmund shouts!
Sigmund points at you and mumbles some strange words.
The magic dart hits you!
Throwing (i - inventory. (/) - cycle)
c - 11 poisoned darts (quivered)
Press: ? - help, Shift-Dir - straight line, f - Sigmund
Aim: Sigmund, wielding a +0 scythe and wearing a +0 robe (severely wounded)
You throw a poisoned dart. The poisoned dart hits Sigmund.
Sigmund is poisoned.
Sigmund is severely wounded.
You block Sigmund's attack. Sigmund looks at you with fury.
Sigmund looks more healthy.
Sigmund points at you and mumbles some strange words.
You are confused.
Sigmund closely misses you.
You're too confused to cast spells.
Sorry, you're not good enough to have a special ability.
Sigmund casts a spell at you. The puff of flame hits you!
You die...

#.............'.........
#.............#.........
###.##..(#### #.........
#.##...# #..)...... #.##...#
#.....#### #.##@..#
#.....#### #######.##...#
#......... #.......##...#
#......### #.......##.@.#
#......#
#.......##...######......###
#......>.'...'....'.........
###.....##...#.####......###
#.....##...#.####......#
#......+...'....#......#
#......#...#...........#
#......#..........####.#
#......###.........###.#


You could see Sigmund.

Vanquished Creatures
  2 adders
  5 dart slugs
  A leopard gecko (D:1)
  5 orcs (D:3)
  6 giant cockroaches
  6 goblins
  6 hobgoblins
  3 jackals (D:3)
  2 ball pythons (D:1)
  5 bats
  3 frilled lizards
  6 kobolds
  A quokka skeleton (D:4)
  5 rats
56 creatures vanquished.

Notes
Turn   | Place    | Note
-------+----------+-------------------------------------------
     0 | D:1      | Jyms the Kobold Conjurer began the quest for the Orb.
     0 | D:1      | Reached XP level 1. HP: 10/10 MP: 3/3
   497 | D:1      | Reached XP level 2. HP: 15/15 MP: 1/5
  1014 | D:1      | Reached XP level 3. HP: 19/19 MP: 2/6
  1019 | D:1      | Learned a level 3 spell: Dazzling Spray
  1586 | D:2      | Found a shattered altar of Ashenzari.
  1693 | D:2      | Found an iron altar of Okawaru.
  1728 | D:2      | Reached XP level 4. HP: 17/24 MP: 0/8
  2404 | D:3      | Noticed Sigmund
  2458 | D:3      | Reached skill level 1 in Short Blades
  2834 | D:3      | Killed from afar by Sigmund

Levels and vault maps discovered:
D:1:      minmay_arrival_plants_in_alcoves, layout_basic, minmay_distorted
D:2:      layout_loops_cross, nicolae_overflow_crystal_walls,
          okawaru_metal_pillars_1_2, serial_rivers,
          chequers_serial_rivers_small_b, chequers_serial_rivers_micro_c,
          chequers_serial_rivers_small_b, chequers_serial_rivers_small_b,
          chequers_serial_rivers_small_b, chequers_serial_rivers_room_b,
          minmay_tromino_v4_a
D:3:      layout_basic, uniq_sigmund
D:4:      layout_layer_cave, first_ration, kennysheep_generic_room_6,
          uniq_pikel, uniq_robin

Skill      XL: |  1  2  3  4 |
---------------+-------------+-----
Stealth        | 3 4 |  4.0
Dodging        | 3 |  3.3
Spellcasting   | 3 |  3.0
Short Blades   | 1 |  1.1
Conjurations   | |  4.4

Action                   |  1- 3 |  4- 6 || total
-------------------------+-------+-------++-------
Melee: Unarmed           |     3 |       ||     3
       Short sword       |    18 |    18 ||    36
Throw: Throwing net      |     1 |       ||     1
       Dart              |     5 |     6 ||    11
 Cast: Magic Dart        |    75 |    50 ||   125
       Dazzling Spray    |     2 |     3 ||     5
  Eat: Chunk             |     3 |     4 ||     7
       Ration            |     1 |     1 ||     2
Armor: Leather armour    |     5 |     6 ||    11
Dodge: Dodged            |    28 |    35 ||    63
Block: Other             |       |     3 ||     3

Table legend:
 A = Non-vault XP
 B = Vault XP
 C = Vault XP percentage of total XP
 D = Non-vault monster count
 E = Vault monster count
 F = Vault count percentage of total count
                 A         B        C        D         E       F
            +---------+---------+-------+---------+---------+-------
      Total |     123 |       7 |   5.4 |      52 |       4 |   7.1
            +---------+---------+-------+---------+---------+-------
        D:1 |      29 |       1 |   3.3 |      15 |       1 |   6.2
        D:2 |      37 |       6 |  14.0 |      14 |       3 |  17.6
        D:3 |      56 |       0 |   0.0 |      22 |       0 |   0.0
        D:4 |       1 |       0 |   0.0 |       1 |       0 |   0.0
            +---------+---------+-------+---------+---------+-------
